 Dungeon Sprint DCSS version 0.30-a0-439-g9e77e4d916 (webtiles) character file.

Game seed: 2684236231707414339

27822 mhtbhm the Cleaver (level 13, -2/136 HPs)
             Began as a Troll Fighter on Dec 11, 2022.
             Was the Champion of Qazlal.
             Slain by a stoker (6 damage)
             ... in the Dungeon (Sprint V: "Ziggurat Sprint").
             The game lasted 00:09:19 (725 turns).

mhtbhm the Cleaver (Troll Fighter)                   Turns: 725, Time: 00:09:19

Health: -2/136     AC: 22    Str: 38    XL:     13   Next: 6%
Magic:  1/12       EV:  0    Int:  5    God:    Qazlal [******]
Gold:   0          SH: 42    Dex:  9    Spells: 12/12 levels left

rFire   + + .      SeeInvis +    a - +14 obsidian axe {vorpal, Mesm Drain Fly SInv}
rCold   + + +      Faith    .    c - +18 shield of the Gong {rElec rN+ Will+ EV-5}
rNeg    + + .      Spirit   .    b - +5 gold dragon scales
rPois   +          Reflect  +    (helmet restricted)
rElec   +          Harm     .    (no cloak)
rCorr   .          Rampage  .    (gloves unavailable)
Will    ++...      NoTele   +    (boots unavailable)
Stlth   ..........               F - amulet "Jikhoym" {Reflect Int+4 SH+5}
HPRegen 1.22/turn                D - ring of the Blind Eye {rC++ MP-9 Str+6}
MPRegen 0.13/turn                u - ring "Umnir" {rElec rN+ Will+ Str+3 Int-3}

@: mighty, weakened, protected from fire, flying, mesmerised, studying 2 skills,
repel missiles
A: large, unfitting armour, claws 3, regeneration 1, shaggy fur 1, tough skin 1,
weak 1
a: Renounce Religion, Upheaval, Elemental Force, Disaster Area


You were in the Dungeon.
You worshipped Qazlal.
Qazlal was exalted by your worship.
You visited 1 branch

Inventory:

Hand Weapons
 a - the +14 obsidian axe (weapon) {vorpal, Mesm Drain Fly SInv}
   (You found it in the Dungeon)

   It inflicts extra damage upon your enemies.
   It occasionally summons demons to assist the wielder when it strikes in
   combat.
   Its wielder is mesmerised by any visible foes.
   It cannot be unequipped while any foes are visible.
   SInv:      It lets you see invisible.
   Fly:       It grants you flight.
   Drain:     It drains your maximum health when unequipped.
 o - the +8 frozen axe "Frostbite" {freezing cloud, *Noise Fly rC+}
   (You found it in the Dungeon)

   It freezes those it strikes, dealing additional cold damage.
   It can also slow down cold-blooded creatures.
   It occasionally leaves clouds of freezing vapour upon striking a foe.
   It grants immunity to clouds of freezing vapour.
   rC:        It protects you from cold.
   Fly:       It grants you flight.
   *Noise:    It may make noises in combat.
 q - the +7 broad axe "Xineki" {vorpal, Drain rPois Will+ rCorr}
   (You found it in the Dungeon)

   It inflicts extra damage upon your enemies.
   rPois:     It protects you from poison.
   rCorr:     It protects you from acid and corrosion.
   Drain:     It drains your maximum health when unequipped.
   Will:      It increases your willpower.
 C - the +10 dark maul {vorpal}
   (You found it in the Dungeon)

   It inflicts extra damage upon your enemies.
Armour
 b - +5 gold dragon scales (worn)
 c - the +18 shield of the Gong (worn) {rElec rN+ Will+ EV-5}
   (You found it in the Dungeon)

   It is deafeningly noisy when blocking attacks.
   EV:        It affects your evasion (-5).
   rElec:     It insulates you from electricity.
   rN:        It protects you from negative energy.
   Will:      It increases your willpower.
Jewellery
 u - the ring "Umnir" (right claw) {rElec rN+ Will+ Str+3 Int-3}
   (You found it in the Dungeon)

   [ring of willpower]

   Str:       It affects your strength (+3).
   Int:       It affects your intelligence (-3).
   rElec:     It insulates you from electricity.
   rN:        It protects you from negative energy.
   Will:      It increases your willpower.
 v - the amulet "Gamemefe" {Reflect rN+++ Will- Int-5 Dex+5 SH+5}
   (You found it in the Dungeon)

   [amulet of reflection]

   It reflects blocked missile attacks.
   Int:       It affects your intelligence (-5).
   Dex:       It affects your dexterity (+5).
   rN:        It renders you almost immune to negative energy.
   SH:        It affects your SH (+5).
   Will:      It decreases your willpower.
 w - the ring "Wyttot" {AC+4 Int+3 Dex+3 Stlth+}
   (You found it in the Dungeon)

   [ring of protection]

   AC:        It affects your AC (+4).
   Int:       It affects your intelligence (+3).
   Dex:       It affects your dexterity (+3).
   Stlth:     It makes you more stealthy.
 D - the ring of the Blind Eye (left claw) {rC++ MP-9 Str+6}
   (You found it in the Dungeon)

   [ring of strength]

   Str:       It affects your strength (+6).
   rC:        It greatly protects you from cold.
   MP:        It affects your magic capacity (-9).
 E - the amulet of Anleegou {Faith Rampage Fragile Int+5}
   (You found it in the Dungeon)

   [amulet of faith]

   It allows you to gain divine favour quickly.
   Int:       It affects your intelligence (+5).
   Fragile:   It will be destroyed if unequipped.
   Rampage:   It bestows one free step when moving towards enemies.
 F - the amulet "Jikhoym" (around neck) {Reflect Int+4 SH+5}
   (You found it in the Dungeon)

   [amulet of reflection]

   It reflects blocked missile attacks.
   Int:       It affects your intelligence (+4).
   SH:        It affects your SH (+5).
 G - the amulet "Anwael" {Reflect Harm rCorr Slay+4 SH+5}
   (You found it in the Dungeon)

   [amulet of reflection]

   It reflects blocked missile attacks.
   Slay:      It affects your accuracy & damage with ranged weapons and melee
   (+4).
   rCorr:     It protects you from acid and corrosion.
   SH:        It affects your SH (+5).
   Harm:      It increases damage dealt and taken.
Wands
 z - a wand of mindburst (5)
 A - a wand of acid (7)
Scrolls
 j - 4 scrolls of blinking
 p - 7 scrolls of butterflies
 r - 2 scrolls of fear
 x - 4 scrolls of enchant weapon
 H - 2 scrolls of brand weapon
Potions
 d - 5 potions of might
 e - 10 potions of curing
 f - 6 potions of heal wounds
 g - 6 potions of haste
 h - 7 potions of magic
 i - 3 potions of berserk rage
 k - 2 potions of brilliance
 l - 2 potions of invisibility
 m - 4 potions of resistance
Miscellaneous
 s - a condenser vane
 t - a phantom mirror
 y - a tin of tremorstones (2/2)
 B - a lightning rod (4/4)


   Skills:
 + Level 10.8 Fighting
 + Level 14.8 Axes
 + Level 7.1 Armour
 + Level 7.0 Dodging
 + Level 2.8 Stealth
 + Level 13.8 Shields
 * Level 13.2 Invocations
 + Level 1.4 Evocations


You had 12 spell levels left.
You didn't know any spells.
Your spell library contained the following spells:

 Spells                   Type           Power      Damage    Failure   Level
 Foxfire                  Conj/Fire      0%         2x1d4     100%        1
 Magic Dart               Conj           0%         1d3       100%        1
 Shock                    Conj/Air       0%         1d3       100%        1
 Slow                     Hex            0%         N/A       100%        1
 Blink                    Tloc           0%         N/A       100%        2
 Call Imp                 Summ           0%         N/A       100%        2
 Cigotuvi's Dreadful Rot  Necr/Pois/Air  0%         N/A       100%        2
 Ensorcelled Hibernation  Hex/Ice        0%         N/A       100%        2
 Momentum Strike          Conj/Tloc      0%         3d8       100%        2
 Passwall                 Tmut/Erth      0%         N/A       100%        2
 Poisonous Vapours        Pois/Air       0%         N/A       100%        2
 Confusing Touch          Hex            0%         N/A       100%        3
 Gell's Gravitas          Tloc           0%         N/A       100%        3
 Lesser Beckoning         Tloc           0%         N/A       100%        3
 Mephitic Cloud           Conj/Pois/Air  0%         N/A       100%        3
 Swiftness                Air            0%         N/A       100%        3
 Teleport Other           Tloc           0%         N/A       100%        3
 Vampiric Draining        Necr           0%         2d6       100%        3
 Anguish                  Hex/Necr       0%         N/A       100%        4
 Animate Dead             Necr           0%         N/A       100%        4
 Yara's Violent Unravell  Hex/Tmut       0%         3d3       100%        5
 Conjure Ball Lightning   Conj/Air       0%         3x3d6     100%        6
 Dispersal                Tloc           0%         N/A       100%        6
 Iron Shot                Conj/Erth      0%         9d1       100%        6
 Starburst                Conj/Fire      0%         6d3       100%        6
 Haunt                    Necr/Summ      0%         N/A       100%        7
 Borgnjor's Revivificati  Necr           0%         N/A       100%        8
 Infestation              Necr           0%         N/A       100%        8
 Necromutation            Tmut/Necr      0%         N/A       100%        8
 Summon Horrible Things   Summ           0%         N/A       100%        8
 Death's Door             Necr           0%         N/A       100%        9


Dungeon Overview and Level Annotations

Branches:
Dungeon (1/1)

Altars:
Ashenzari
Cheibriados
Dithmenos
Elyvilon
Fedhas
Gozag
Hepliaklqana
Kikubaaqudgha
Makhleb
Nemelex Xobeh
Okawaru
Qazlal
Ru
Sif Muna
Trog
Uskayaw
Vehumet
Wu Jian
Xom
Yredelemnul
Zin
The Shining One
Jiyva
Lugonu

Annotations:
D 1 transporter


Innate Abilities, Weirdness & Mutations

You are too large for most types of armour.
You have claws for hands.
Your natural rate of healing is unusually fast.
You are covered in fur. (AC +1)
You have tough skin. (AC +1)
You are weak. (Str -2)


Message History

Unknown command.
Unknown command.
Unknown command.
Unknown command.
You feel much better.
Visions of slaying the fire vortex flood into your mind.
The fire vortex is engulfed in freezing vapours.
You are no longer entranced.
The fire vortex dissipates!
The Brimstone Fiend calls on the powers of darkness!
Your body is wracked with pain!
* * * LOW HITPOINT WARNING * * *
The salamander tyrant convulses!
You block the stoker's attack.
BOUMMMMG!
You block the searing wretch's attack.
BONNNG!
The searing wretch claws you!
* * * LOW HITPOINT WARNING * * *
The searing wretch bites you but does no damage.
Unknown command.
You feel much better.
Visions of slaying the Brimstone Fiend flood into your mind.
The salamander tyrant hits the fire vortex!
The fire vortex is engulfed in flames.
The fire vortex completely resists.
The Brimstone Fiend is engulfed in freezing vapours.
You block the Brimstone Fiend's attack.
BOUMMMMG!
You block the Brimstone Fiend's attack.
GONNNNG!
You block the Brimstone Fiend's attack.
GONNNNG!
The searing wretch claws you!!
* * * LOW HITPOINT WARNING * * *
You are engulfed in flames!
You resist.
You feel more protected from fire.
* * * LOW HITPOINT WARNING * * *
The searing wretch claws you but does no damage.
The searing wretch bites you but does no damage.
The stoker touches you.
You die...

▓.▓.....▓.▓
▓....8©8....▓....©....▓
▓..|[)}::}..▓▓▓▓▓▓▓▓▓▓▓
▓.§§§§§§§§§.▓...8©8...▓
▓.§§§☼§§§§§.▓....?)|..▓
▓.≈v§§§§§☼☼.▓...[.)...▓
▓..§.§§§§v..▓.........▓
▓..§§§nL○N..▓.........▓
▓.1@○°▓ ▓.........▓
▓▓○.○▓▓ ▓.........▓
▓..▓.....▓..▓.........▓
▓.....©.....▓....©....▓
▓▓▓▓▓▓▓▓▓▓▓▓▓▓▓▓▓▓▓▓▓▓▓
▓...8©8...▓...8©8...▓..
▓..)))).|.▓...))[)..▓..
▓..})=.}..▓...)..)..▓..
▓.........▓.........▓..


You could see a searing wretch, a Brimstone Fiend (mesmerising), a stoker, a
salamander tyrant (confused) and 2 fire vortices.

Vanquished Creatures
  A tentacled starspawn (D)
  A rockslime (D)
  A frost giant (D)
  A balrug (D)
  A quicksilver ooze (D)
  2 ice dragons (D)
  2 salamander tyrants (D)
  2 two-headed ogres (D)
  3 hell hogs (D)
  A cyclops (D)
  An orange demon (D)
  An eye of devastation (D)
  3 freezing wraiths (D)
  A guardian mummy (D)
  A polar bear (D)
  2 slime creatures (D)
  An air elemental (D)
  A spriggan (D)
  A ynoxinul (D)
  An ice beast (D)
  An ogre (D)
  2 wolves (D)
  2 small abominations (D)
  2 phantoms (D)
  A wight (D)
  4 crimson imps (D)
  3 quasits (D)
  A mummy (D)
  4 shadow imps (D)
  3 white imps (D)
  An ufetubus (D)
  An adder zombie (D)
  An adder simulacrum (D)
  A ball python simulacrum (D)
  3 ball python skeletons (D)
  A ball python zombie (D)
  A quokka zombie (D)
  A creeping inferno (D)
  A fire vortex (D)
  2 starspawn tentacles (D)
64 creatures vanquished.

Vanquished Creatures (collateral kills)
  A deep elf archer (D)
  2 deep elf pyromancers (D)
  A slime creature (D)
  2 cyclopes (D)
  A shining eye (D)
  A smoke demon (D)
  A large abomination (D)
  A flying skull (D)
  A spriggan (D)
  A floating eye (D)
  A crimson imp (D)
  A mummy (D)
  A white imp (D)
  2 adder zombies (D)
  An adder skeleton (D)
  An endoplasm (D)
19 creatures vanquished.

Vanquished Creatures (others)
  A tormentor (D)
  A polar bear (D)
  2 starspawn tentacles (D)
4 creatures vanquished.

Grand Total: 87 creatures vanquished

Notes
Turn   | Place    | Note
-------+----------+-------------------------------------------
     0 | D        | mhtbhm the Troll Fighter began the quest for the Orb.
     0 | D        | Reached XP level 1. HP: 22/22 MP: 0/0
     0 | D        | Found a shimmering blue altar of Sif Muna.
     0 | D        | Found a bloodstained altar of Trog.
     0 | D        | Found a sacrificial altar of Ru.
     0 | D        | Found a stormy altar of Qazlal.
     0 | D        | Found an iron altar of Okawaru.
     1 | D        | Found a sparkling altar of Nemelex Xobeh.
     1 | D        | Found a blossoming altar of Fedhas.
     1 | D        | Found the +6 Majin-Bo {vamp, MP+6 Int+6}
     1 | D        | Found the +27 heavy crossbow "Sniper" {vorpal, Acc+∞ SInv}
     1 | D        | Found the +10 dark maul {vorpal}
     1 | D        | Found the +15 Maxwell's patent armour {-Cast -Tele rElec
                  | Will+ rCorr}
     1 | D        | Found the +18 shield of the Gong {rElec rN+ Will+ EV-5}
     1 | D        | Found the +14 obsidian axe {vorpal, Mesm Drain Fly SInv}
     1 | D        | Found the +7 great mace "Firestarter" {inner flame, rF++}
     1 | D        | Found the +6 shillelagh "Devastator" {shatter}
     1 | D        | Found the +11 plutonium sword {Contam Stlth-}
     1 | D        | Found the +8 lance "Wyrmbane" {slay drac, rPois rF+ rC+
                  | AC+3}
     1 | D        | Found the +9 sword of Zonguldrok {reap}
     1 | D        | Found the +13 scythe of Curses {drain, Drain}
     1 | D        | Found the +5 sword of Power {vorpal}
     1 | D        | Found the +7 mace of Variability {chain chaos}
     1 | D        | Found the +7 Singing Sword {vorpal, sonic wave}
     1 | D        | Found the +8 storm bow {elec, penet}
     3 | D        | Found a transporter.
     3 | D        | Found an ancient bone altar of Kikubaaqudgha.
     3 | D        | Found a viscous altar of Jiyva.
     3 | D        | Found a corrupted altar of Lugonu.
     3 | D        | Found a hazy altar of Hepliaklqana.
     3 | D        | Found a burning altar of Makhleb.
     3 | D        | Found an opulent altar of Gozag.
   131 | D        | Became a worshipper of Qazlal Stormbringer
   143 | D        | Entered arena 2.
   143 | D        | Found a transporter.
   146 | D        | Reached skill level 1 in Invocations
   148 | D        | Reached XP level 2. HP: 29/31 MP: 0/2
   183 | D        | Entered arena 3.
   183 | D        | Noticed a phantom
   183 | D        | Noticed a wight
   183 | D        | Found a transporter.
   185 | D        | Killed a phantom
   185 | D        | Reached * piety under Qazlal
   186 | D        | Reached skill level 2 in Axes
   186 | D        | Reached XP level 3. HP: 39/39 MP: 2/4
   186 | D        | Reached XP level 4. HP: 48/48 MP: 2/5
   190 | D        | Reached skill level 5 in Shields
   190 | D        | Reached XP level 5. HP: 55/55 MP: 2/6
   198 | D        | Got the Verses on Striking
   201 | D        | Entered arena 4.
   201 | D        | Noticed a wolf
   201 | D        | Noticed a wolf
   201 | D        | Noticed a spriggan
   201 | D        | Noticed a spriggan
   201 | D        | Found a transporter.
   203 | D        | Killed a spriggan
   203 | D        | Reached ** piety under Qazlal
   204 | D        | Reached skill level 5 in Fighting
   204 | D        | Reached skill level 4 in Axes
   204 | D        | Reached skill level 1 in Armour
   204 | D        | Reached skill level 5 in Dodging
   204 | D        | Reached XP level 6. HP: 66/66 MP: 3/8
   205 | D        | Reached skill level 5 in Invocations
   206 | D        | Killed a spriggan
   207 | D        | Reached skill level 5 in Axes
   207 | D        | Reached XP level 7. HP: 75/75 MP: 4/10
   229 | D        | Entered arena 5.
   229 | D        | Noticed a deep elf pyromancer
   229 | D        | Noticed a deep elf archer
   229 | D        | Noticed a deep elf pyromancer
   229 | D        | Noticed an air elemental
   229 | D        | Found a transporter.
   231 | D        | Noticed a fire elemental
   231 | D        | Noticed a fire elemental
   231 | D        | Paralysed by an air elemental for 1 turns
   234 | D        | Killed an air elemental
   234 | D        | Reached *** piety under Qazlal
   238 | D        | Killed a deep elf pyromancer
   239 | D        | Reached skill level 6 in Axes
   239 | D        | Reached skill level 1 in Evocations
   239 | D        | Reached XP level 8. HP: 44/84 MP: 8/12
   239 | D        | Killed a deep elf archer
   240 | D        | Reached skill level 7 in Axes
   240 | D        | Reached skill level 1 in Stealth
   242 | D        | Killed a deep elf pyromancer
   242 | D        | Reached **** piety under Qazlal
   243 | D        | Reached XP level 9. HP: 56/93 MP: 9/14
   260 | D        | Got the amulet "Jikhoym" {Reflect Int+4 SH+5}
   282 | D        | Entered arena 6.
   282 | D        | Found a transporter.
   286 | D        | Reached skill level 8 in Axes
   286 | D        | Reached ***** piety under Qazlal
   298 | D        | Entered arena 7.
   298 | D        | Noticed a large abomination
   299 | D        | Found a transporter.
   304 | D        | Killed a large abomination
   305 | D        | Reached skill level 10 in Shields
   313 | D        | Got the ring "Umnir" {rElec rN+ Will+ Str+3 Int-3}
   327 | D        | Entered arena 8.
   327 | D        | Noticed a cyclops
   327 | D        | Noticed a cyclops
   327 | D        | Noticed a two-headed ogre
   327 | D        | Noticed a two-headed ogre
   327 | D        | Noticed a cyclops
   328 | D        | Found a transporter.
   331 | D        | Killed a two-headed ogre
   331 | D        | Killed a two-headed ogre
   331 | D        | Killed a cyclops
   331 | D        | Reached ****** piety under Qazlal
   332 | D        | Reached skill level 10 in Axes
   332 | D        | Reached XP level 10. HP: 102/104 MP: 14/16
   332 | D        | Killed a cyclops
   334 | D        | Killed a cyclops
   335 | D        | Reached skill level 10 in Invocations
   338 | D        | Got the amulet "Gamemefe" {Reflect rN+++ Will- Int-5 Dex+5
                  | SH+5}
   343 | D        | Got the ring "Wyttot" {AC+4 Int+3 Dex+3 Stlth+}
   345 | D        | Entered arena 9.
   346 | D        | Found a transporter.
   359 | D        | Got the ring of the Grim God {Wiz +Blink rPois Int+4
                  | Stlth-}
   361 | D        | Got the amulet "Anwael" {Reflect Harm rCorr Slay+4 SH+5}
   372 | D        | Entered arena 10.
   372 | D        | Noticed a tentacled starspawn
   372 | D        | Noticed a smoke demon
   373 | D        | Found a transporter.
   380 | D        | Killed a tentacled starspawn
   381 | D        | Reached skill level 11 in Axes
   381 | D        | Reached skill level 5 in Armour
   382 | D        | Killed a smoke demon
   386 | D        | Got the amulet "Byqiyxa" {Spirit Stlth+}
   400 | D        | Acquired a manual of Staves
   408 | D        | Entered arena 11.
   408 | D        | Found the +8 frozen axe "Frostbite" {freezing cloud, *Noise
                  | Fly rC+}
   408 | D        | Noticed an orange demon
   409 | D        | Found a transporter.
   413 | D        | Reached skill level 12 in Axes
   419 | D        | Killed an orange demon
   425 | D        | Got Oforuuf's Parchment of Ensnaring Accomplices
   441 | D        | Entered arena 12.
   441 | D        | Noticed a quicksilver ooze
   441 | D        | Noticed a rockslime
   441 | D        | Noticed an eye of devastation
   441 | D        | Noticed a shining eye
   443 | D        | Found a transporter.
   446 | D        | Killed a rockslime
   446 | D        | Killed a quicksilver ooze
   447 | D        | Reached XP level 11. HP: 99/115 MP: 18/18
   448 | D        | Gained mutation: You are weak. (Str -2) [a shining eye]
   449 | D        | Reached skill level 13 in Axes
   449 | D        | Killed a shining eye
   456 | D        | Got the +7 broad axe "Xineki" {vorpal, Drain rPois Will+
                  | rCorr}
   458 | D        | Got the ring of the Blind Eye {rC++ MP-9 Str+6}
   464 | D        | Got the amulet of Anleegou {Faith Rampage Fragile Int+5}
   488 | D        | Entered arena 13.
   488 | D        | Noticed an ice dragon
   488 | D        | Noticed a frost giant
   489 | D        | Noticed an ice dragon
   490 | D        | Found a transporter.
   499 | D        | Killed an ice dragon
   500 | D        | Reached skill level 10 in Fighting
   500 | D        | Killed an ice dragon
   501 | D        | Reached skill level 14 in Axes
   501 | D        | Killed a frost giant
   548 | D        | Reached XP level 12. HP: 84/127 MP: 11/20
   715 | D        | Entered arena 14.
   715 | D        | Noticed a hell hog
   715 | D        | Noticed a salamander tyrant
   716 | D        | Noticed a Brimstone Fiend
   716 | D        | Noticed a salamander tyrant
   716 | D        | Noticed a hell hog
   716 | D        | Noticed a searing wretch
   716 | D        | Noticed a hell hog
   716 | D        | Noticed a stoker
   717 | D        | Noticed a balrug
   718 | D        | Killed a salamander tyrant
   718 | D        | Killed a salamander tyrant
   718 | D        | Killed a hell hog
   719 | D        | Killed a balrug
   719 | D        | Killed a hell hog
   719 | D        | Killed a hell hog
   720 | D        | Reached XP level 13. HP: 88/136 MP: 0/21
   721 | D        | Found a transporter.
   723 | D        | HP: 4/136 [searing wretch (6)]
   725 | D        | Slain by a stoker

Illustrated notes

Levels and vault maps discovered:
D:        sprint_v [room_start, room_1, room_2, room_3, room_4, room_5, room_6,
          room_7, room_8, room_9, room_10, room_11, room_12, room_13, room_14,
          room_15, room_16, room_17, room_18, room_19, room_20, room_21,
          room_22, room_23, room_24, room_25, room_26, room_27]

Skill      XL: |  1  2  3  4  5  6  7  8  9 10 11 12 |
---------------+-------------------------------------+-----
Shields        | 3 4 5 6 7 8 9 11 12 13 | 13.8
Invocations    | 1 3 4 6 7 8 9 11 12 13 | 13.2
Fighting       | 3 4 5 6 7 9 10 | 10.8
Dodging        | 3 4 5 6 7 |  7.0
Axes           | 2 4 5 6 7 10 12 14 | 14.8
Armour         | 1 2 3 4 5 6 7 |  7.1
Evocations     | 1 |  1.4
Stealth        | 1 2 |  2.8

Action                   |  1- 3 |  4- 6 |  7- 9 | 10-12 | 13-15 || total
-------------------------+-------+-------+-------+-------+-------++-------
Melee: Broad axe         |     3 |     7 |    17 |    36 |     1 ||    64
Invok: Upheaval          |       |       |       |     1 |       ||     1
       Disaster Area     |       |       |       |     1 |       ||     1
Evoke: Wand              |     2 |       |       |       |       ||     2
       Condenser vane    |       |       |       |     1 |       ||     1
  Use: Scroll            |       |       |       |     1 |       ||     1
       Potion            |       |       |       |     3 |     3 ||     6
 Stab: Distracted        |       |       |     1 |     1 |       ||     2
Armor: Gold dragon scale |       |     6 |    11 |    35 |     7 ||    59
Block: Kite shield       |     3 |    12 |    37 |    86 |    18 ||   156
       Reflection        |       |       |     1 |     3 |       ||     4

Table legend: (Time is in decaauts)
 A = Elapsed time spent in this place.
 B = Non-inter-level travel time spent in this place.
 C = Inter-level travel time spent in this place.
 D = Time resting spent in this place.
 E = Time spent auto-exploring this place.
 F = Levels seen in this place.
 G = Mean time per level.
                   A        B        C        D        E       F      G
               +--------+--------+--------+--------+--------+-----+--------+
         Total |    762 |    762 |      0 |    250 |      0 |   1 |  762.0 |
       Dungeon |    762 |    762 |      0 |    250 |      0 |   1 |  762.0 |
               +--------+--------+--------+--------+--------+-----+--------+

Top non-repeatable levels by time:
       D: 762 daAuts
